Map: Dusk Towers

Players

Elroye

  • Race: Zerg Zerg

HuK - Winner!

  • Race: Protoss Protoss
  • League: Grandmaster

Event: DreamHack ZOWIE Open Leipzig

VOD

Have the link to the VOD?

Description

Time

  • Played on: Jan. 22, 2016, 7:39 a.m.
  • Length: 12:19

All games in this series

Show
View Real Time Build Order
Export as new Build Order

Elroye Zerg 

Build Orders: 3 Hatch before Pool, Lurkers 

Get SALT Encoding   

  12  0:01  Drone  
  13  0:14  Overlord  
  13  0:17  Drone  
  14  0:33  Drone x2  
  16  0:38  Drone  
  17  0:53  Hatchery  
  17  0:54  Drone  
  17  0:59  Drone  
  18  1:18  Hatchery  
  18  1:21  Drone  
  18  1:27  Extractor  
  17  1:35  Spawning Pool  
  17  1:38  Drone  
  17  1:42  Drone  
  17  1:45  Drone  
  19  1:58  Drone  
  20  2:02  Drone  
  20  2:05  Drone  
  22  2:15  Drone  
  23  2:16  Drone  
  24  2:23  Queen  
  24  2:25  Zergling x2  
  27  2:30  Queen  
  27  2:32  Metabolic Boost  
  27  2:35  Drone  
  30  2:39  Overlord  
  30  2:46  Queen  
  30  2:49  Drone  
  33  2:53  Overlord  
  33  2:58  Drone  
  33  3:03  Overlord  
  34  3:12  Drone x5  
  39  3:13  Drone  
  39  3:15  Drone  
  39  3:17  Drone  
  42  3:24  Extractor  
  41  3:30  Zergling x4  
  41  3:31  Zergling x2  
  41  3:34  Drone x4  
  46  3:37  Extractor x2  
  46  3:43  Drone x3  
  49  3:50  Overlord, Drone  
  49  3:51  Overlord  
  50  3:57  Roach Warren, Drone  
  50  4:11  Drone x2  
  50  4:12  Drone x2  
  50  4:13  Drone  
  55  4:21  Drone x2  
  57  4:25  Drone x2  
  57  4:26  Drone  
  57  4:28  Overlord x5  
  58  4:39  Roach x3  
  64  4:46  Roach x3  
  64  4:47  Roach x3  
  64  4:50  Roach  
  77  4:54  Roach x2  
  77  4:56  Zergling x6  
  84  5:01  Zergling x6  
  84  5:02  Zergling x2  
  84  5:05  Zergling x2  
  89  5:10  Spore Crawler, Zergling x2  
  89  5:12  Zergling x6  
  89  5:13  Zergling x2  
  93  5:18  Zergling x2  
  94  5:22  Zergling x6  
  94  5:24  Zergling x2  
  94  5:27  Zergling x4  
  100  5:32  Zergling x6  
  103  5:36  Zergling x2  
  103  5:38  Ravager x2  
  103  5:39  Overlord  
  106  5:44  Ravager x2, Extractor x3  
  106  5:45  Ravager  
  106  5:48  Overlord x2  
  108  5:57  Ravager x2  
  108  6:00  Zergling x10  
  108  6:01  Lair  
  114  6:06  Zergling x8  
  108  6:24  Zergling x4  
  108  6:25  Zergling x14  
  105  6:29  Zergling x2  
  105  6:32  Roach  
  103  6:37  Zergling x2  
  99  6:40  Zergling x2  
  99  6:42  Queen  
  99  6:43  Queen  
  97  6:50  Hatchery, Roach, Zergling x2  
  91  6:57  Roach, Zergling x2  
  91  6:58  Roach  
  90  7:03  Roach, Zergling x2  
  83  7:15  Drone x9  
  87  7:17  Hydralisk Den, Extractor  
  87  7:20  Extractor x2  
  87  7:21  Roach x3  
  88  7:27  Ravager x3  
  88  7:28  Ravager x2  
  93  7:32  Drone x2  
  93  7:33  Drone  
  93  7:36  Drone  
  97  7:38  Glial Reconstitution  
  97  7:40  Drone x2  
  94  7:53  Roach  
  94  7:54  Roach x5  
  94  7:56  Muscular Augments  
  107  7:58  Drone x2  
  107  8:00  Roach x3  
  107  8:02  Queen  
  107  8:03  Drone  
  117  8:10  Overseer  
  117  8:12  Drone x4  
  121  8:13  Drone x3, Extractor  
  121  8:14  Hydralisk  
  121  8:16  Baneling Nest, Extractor  
  121  8:18  Hydralisk x2  
  127  8:21  Evolution Chamber  
  127  8:24  Hydralisk x2  
  127  8:26  Hydralisk  
  133  8:27  Zergling x2  
  133  8:30  Drone  
  133  8:31  Drone  
  133  8:33  Overlord x2  
  133  8:34  Overlord x2  
  135  8:42  Overlord  
  125  9:01  Roach x10  
  139  9:08  Roach x3, Zergling x6  
  139  9:09  Hydralisk  
  136  9:10  Hydralisk x2, Roach x2  
  134  9:23  Hydralisk x2  
  134  9:24  Hydralisk, Roach x3  
  137  9:28  Drone x4  
  149  9:39  Drone x2  
  149  9:42  Hydralisk x2, Baneling x4  
  149  9:45  Ravager x3  
  158  9:47  Zergling x4  
  158  9:48  Zergling x6  
  162  9:55  Zergling x4  
  162  9:58  Zergling x4  
  118  10:17  Drone x7  
  125  10:24  Roach x3, Zergling x6  
  125  10:25  Roach x2, Zergling x2  
  139  10:28  Lurker Den  
  133  10:41  Hydralisk x2  
  133  10:42  Hydralisk  
  123  10:55  Drone  
  123  10:56  Drone x5  
  84  11:20  Hydralisk x2  
  84  11:21  Hydralisk x3, Roach x2  
  84  11:22  Roach  
  84  11:23  Queen  
  101  11:25  Roach  
  99  11:33  Hydralisk  
  99  11:34  Roach  
  102  11:48  Overlord  
  102  11:49  Zergling x2  
  102  11:50  Zergling x2  
  104  11:56  Lurker x5  
  104  11:59  Zergling x4  
Show
View Real Time Build Order
Export as new Build Order

HuK Protoss - Winner!

Build Orders: 1 Gate Expand 

Get SALT Encoding   

  12  0:00  Probe (Chrono Boost)  
  13  0:11  Probe (Chrono Boost)  
  14  0:17  Pylon  
  14  0:22  Probe (Chrono Boost)  
  16  0:35  Probe (Chrono Boost)  
  16  0:37  Gateway  
  16  0:44  Assimilator  
  16  0:46  Probe (Chrono Boost)  
  17  0:56  Probe (Chrono Boost)  
  18  1:07  Probe (Chrono Boost)  
  19  1:18  Probe (Chrono Boost)  
  20  1:24  Cybernetics Core  
  20  1:28  Probe (Chrono Boost)  
  21  1:36  Nexus  
  21  1:39  Probe (Chrono Boost)  
  22  1:45  Pylon  
  22  1:49  Probe (Chrono Boost)  
  22  1:53  Assimilator  
  23  2:01  Warp Gate (Chrono Boost)  
  23  2:03  Stalker (Chrono Boost)  
  25  2:22  Probe (Chrono Boost)  
  26  2:34  Probe (Chrono Boost)  
  27  2:43  Twilight Council  
  27  2:45  Probe (Chrono Boost)  
  28  2:53  Probe (Chrono Boost)  
  28  2:55  Probe (Chrono Boost)  
  30  3:03  Probe (Chrono Boost)  
  30  3:05  Nexus  
  31  3:09  Mothership Core (Chrono Boost)  
  31  3:11  Sentry  
  35  3:14  Probe (Chrono Boost)  
  36  3:23  Resonating Glaives (Chrono Boost)  
  36  3:24  Probe (Chrono Boost)  
  37  3:27  Probe (Chrono Boost)  
  38  3:35  Probe (Chrono Boost)  
  38  3:38  Probe (Chrono Boost)  
  40  3:45  Probe (Chrono Boost)  
  42  3:48  Probe (Chrono Boost)  
  42  3:52  Gateway  
  42  3:54  Probe  
  42  3:57  Pylon  
  42  3:59  Probe  
  44  4:05  Probe  
  45  4:11  Probe  
  45  4:13  Gateway  
  45  4:14  Gateway  
  45  4:15  Probe x2  
  46  4:17  Gateway  
  46  4:24  Probe  
  49  4:26  Probe x2  
  49  4:31  Gateway x2  
  51  4:36  Probe x2  
  51  4:37  Probe  
  53  4:46  Assimilator  
  53  4:48  Probe x3 (Chrono Boost)  
  53  4:51  Assimilator  
  56  4:55  Adept x2  
  56  4:58  Pylon  
  56  4:59  Probe x3 (Chrono Boost)  
  63  5:00  Pylon  
  63  5:10  Probe x3 (Chrono Boost)  
  66  5:18  Adept  
  66  5:19  Adept x3, Robotics Facility  
  66  5:20  Probe (Chrono Boost)  
  75  5:21  Adept  
  75  5:27  Probe x2 (Chrono Boost)  
  79  5:30  Adept  
  79  5:31  Adept  
  83  5:36  Probe (Chrono Boost)  
  83  5:38  Probe (Chrono Boost)  
  83  5:40  Templar Archives  
  85  5:43  Pylon  
  85  5:48  Pylon  
  85  5:51  Assimilator  
  85  5:53  Pylon  
  85  5:55  Assimilator  
  85  6:00  Pylon  
  85  6:01  Probe x3 (Chrono Boost)  
  88  6:04  Pylon  
  88  6:06  Adept  
  88  6:07  Adept x4  
  88  6:10  Adept  
  99  6:20  Adept  
  91  6:26  Adept x2  
  82  6:34  Adept x3  
  82  6:35  Adept  
  82  6:37  Pylon  
  82  6:38  Pylon  
  80  6:41  Adept  
  75  6:51  Adept  
  75  6:54  Adept x3  
  75  6:55  Adept  
  75  7:00  Probe x3  
  78  7:03  Adept  
  80  7:12  Probe  
  80  7:13  Probe, Robotics Facility  
  80  7:14  Probe  
  80  7:15  Robotics Facility  
  78  7:18  Pylon  
  78  7:20  Sentry x3  
  85  7:22  Adept  
  85  7:23  Adept  
  85  7:24  Probe  
  85  7:25  Probe x2  
  85  7:26  Adept  
  85  7:28  Adept  
  96  7:35  Probe  
  96  7:36  Probe  
  98  7:37  Probe  
  98  7:38  Forge  
  97  7:53  Adept x3  
  97  7:54  Adept x4  
  111  8:00  Observer (Chrono Boost)  
  111  8:01  Observer (Chrono Boost)  
  113  8:06  Pylon  
  113  8:12  Charge (Chrono Boost)  
  113  8:14  Immortal  
  113  8:15  Protoss Ground Weapons Level 1 (Chrono Boost)  
  113  8:19  Warp Prism  
  117  8:26  Pylon  
  117  8:27  Pylon  
  119  8:28  Pylon x2  
  119  8:30  Pylon  
  119  8:37  Nexus  
  119  8:39  Pylon  
  119  8:49  Immortal  
  113  9:07  Immortal  
  103  9:23  Immortal  
  97  9:27  Zealot x2  
  97  9:28  Zealot x5  
  109  9:37  Pylon  
  109  9:38  Pylon  
  109  9:39  Pylon  
  109  9:42  Immortal  
  109  9:45  Gateway  
  109  9:47  Gateway  
  109  9:48  High Templar x2  
  109  9:49  Gateway, High Templar x5  
  127  9:54  Archon x3  
  127  9:57  Immortal  
  114  10:16  Immortal  
  118  10:22  Zealot x2  
  118  10:23  Zealot x5  
  132  10:34  Probe  
  132  10:39  Assimilator x2  
  131  10:45  Zealot x6  
  129  10:53  Zealot x4  
  111  11:07  Immortal  
  111  11:10  Zealot x3  
  111  11:11  Zealot x3  
  117  11:16  Zealot x4  
  129  11:20  Immortal  
  133  11:28  Probe  
  133  11:29  Probe  
  133  11:31  Probe  
  126  11:35  High Templar x6  
  126  11:36  High Templar x4  
  136  11:40  Archon  
  136  11:41  Archon x3  
  136  11:42  Archon  
  140  12:11  Zealot x10  

Tags
 
Add a new tag
Caveats
  • Supply blocks, unpowered buildings, or Contaminate may cause inaccurate times.
  • Supply counts are checked every 10 seconds.